 Seeded DCSS version 0.30.1-11-g7821555f0a (webtiles) character file.

Game seed: 5 (custom seed)

5 Kazon the Unbeliever (level 1, 10/13 HPs)
             Began as a Gnoll Wanderer on Dec 14, 2023.
             Quit the game on level 1 of the Dungeon.
             The game lasted 00:01:41 (43 turns).

Kazon the Unbeliever (Gnoll Wanderer)                 Turns: 43, Time: 00:01:42

Health: 10/13      AC:  3    Str:  8    XL:     1   Next: 80%
Magic:  2/4        EV: 13    Int: 14    God:
Gold:   0          SH:  0    Dex: 11    Spells: 4/5 levels left

rFire   . . .        a - +0 dagger
rCold   . . .        (no shield)
rNeg    . . .        c - +0 robe
rPois   .            (no helmet)
rElec   .            d - +0 cloak
rCorr   .            (no gloves)
SInv    .            (no boots)
Will    .....        (no amulet)
Stlth   +            (no ring)
HPRegen 0.22/turn    (no ring)
MPRegen 0.09/turn

%: no passive effects
@: no status effects
A: fangs 1, strong nose, distributed training
a: no special abilities


You were on level 1 of the Dungeon.
You visited 1 branch of the dungeon, and saw 1 of its levels.

Inventory:

Hand Weapons
 a - a +0 dagger (weapon)
Armour
 c - a +0 robe (worn)
 d - a +0 cloak (worn)
Scrolls
 e - a scroll of acquirement
Potions
 b - a potion of curing


   Skills:
 + Level 0.1 Fighting
 + Level 0.1 Short Blades
 + Level 0.1 Long Blades
 + Level 0.1 Axes
 + Level 0.1 Maces & Flails
 + Level 0.1 Polearms
 + Level 0.1 Staves
 + Level 0.1 Ranged Weapons
 + Level 2.4 Throwing
 + Level 0.1 Armour
 + Level 4.4 Dodging
 + Level 0.1 Stealth
 + Level 0.1 Shields
 + Level 0.1 Unarmed Combat
 + Level 2.6 Spellcasting
 + Level 0.1 Conjurations
 + Level 0.1 Hexes
 + Level 0.1 Summonings
 + Level 0.1 Necromancy
 + Level 0.1 Translocations
 + Level 0.1 Transmutations
 + Level 2.0 Fire Magic
 + Level 0.1 Ice Magic
 + Level 3.6 Air Magic
 + Level 0.1 Earth Magic
 + Level 0.1 Poison Magic
 + Level 4.4 Invocations
 + Level 2.4 Evocations


You had 4 spell levels left.
You knew the following spells:

 Your Spells              Type           Power      Damage    Failure   Level
a - Shock                 Conj/Air       28%        1d4       11%         1

Your spell library contained the following spells:

 Spells                   Type           Power      Damage    Failure   Level
 Foxfire                  Conj/Fire      16%        2x1d4     14%         1
 Poisonous Vapours        Pois/Air       14%        N/A       16%         2
 Inner Flame              Hex/Fire       4%         N/A       41%         3
 Airstrike                Air            6%         2d(1-17)  45%         4


Dungeon Overview and Level Annotations

Branches:
Dungeon (1/15)

Altars:


Innate Abilities, Weirdness & Mutations

You have very sharp teeth.
Your uncanny sense of smell can sniff out nearby items.
Your experience applies equally to all skills.


Message History

The zap hits the jackal.
The jackal is heavily wounded.
The zap hits the jackal.
The jackal is severely wounded.
The jackal barks!
Aiming: Shock (safe; 11% risk of failure)
Press: ? - help, Q - select action Shift-Dir - straight line, f/p - jackal
Aim: a jackal (heavily wounded, 55% to hit)
The zap hits the jackal.
You kill the jackal!
The zap misses the jackal.
Aiming: Shock (safe; 11% risk of failure)
Press: ? - help, Q - select action Shift-Dir - straight line, f - jackal
Aim: a jackal (60% to hit)
The zap misses the jackal.
The zap hits the jackal.
You kill the jackal!
Your Fire Magic skill increases to level 2!
You closely miss the jackal. You bite the jackal, but do no damage.
The jackal closely misses you.
The jackal bites you but does no damage.
You miss the jackal. The jackal barely misses you.
You barely miss the jackal. The jackal barely misses you.
You hit the jackal.
The jackal is severely wounded.
The jackal closely misses you. The jackal bites you.
You hit the jackal but do no damage.
The jackal is severely wounded.
The jackal bites you.
You miss the jackal. Your bite misses the jackal.
The jackal is severely wounded.
The jackal closely misses you. The jackal misses you.
You hit the jackal.
You kill the jackal!
Things that are here:
a jackal corpse; a jackal corpse
Found a leather armour.
Found a scroll labelled FONWUV KIWOG.
e - a scroll labelled FONWUV KIWOG This is a scroll of acquirement!
Are you sure you want to abandon this character and quit the game? (Confirm with "yes".)

#[........~
####+###.####...~.
#........#.......~
#........###......
#.........†.......
#.........###.....
#.........# #.....
#.........# #.....
#@######..# #.....
#.........# #.....
#.######### .....
#.# #.# #.# #.#
..#


There were no monsters in sight!

Vanquished Creatures
  4 jackals (D:1)
4 creatures vanquished.

Notes
Turn   | Place    | Note
-------+----------+-------------------------------------------
     0 | D:1      | Kazon the Gnoll Wanderer began the quest for the Orb.
     0 | D:1      | Kazon set off with the following items: a +0 dagger, a
                  | potion of curing, a +0 robe, a +0 cloak; and the following
                  | spells available to memorise: Shock, Foxfire, Poisonous
                  | Vapours, Inner Flame, Airstrike.
     0 | D:1      | Reached XP level 1. HP: 13/13 MP: 4/4
    15 | D:1      | Learned a level 1 spell: Shock
    43 | D:1      | Identified a scroll of acquirement
    43 | D:1      | Quit the game

Illustrated notes

Levels and vault maps discovered:
D:1:      ebering_trefoil_3fold, layout_basic, st_stairs_14, serial_bayou_ford_a

Skill      XL: |  1 |
---------------+----+-----
Fire Magic     | 2 |  2.0
Fighting       | |  0.1
Short Blades   | |  0.1
Long Blades    | |  0.1
Axes           | |  0.1
Maces & Flails | |  0.1
Polearms       | |  0.1
Staves         | |  0.1
Ranged Weapons | |  0.1
Throwing       | |  2.4
Armour         | |  0.1
Dodging        | |  4.4
Stealth        | |  0.1
Shields        | |  0.1
Unarmed Combat | |  0.1
Spellcasting   | |  2.6
Conjurations   | |  0.1
Hexes          | |  0.1
Summonings     | |  0.1
Necromancy     | |  0.1
Translocations | |  0.1
Transmutations | |  0.1
Ice Magic      | |  0.1
Air Magic      | |  3.6
Earth Magic    | |  0.1
Poison Magic   | |  0.1
Invocations    | |  4.4
Evocations     | |  2.4

Action                     || total
---------------------------++-------
  Melee: Dagger            ||    10
         Bite              ||     1
   Cast: Shock             ||     4
 Armour: Robe              ||     1
  Dodge: Dodged            ||     9
